 Dungeon Crawl Stone Soup version 0.17-a0-1798-g879a7aa (webtiles) character file.

106 luca467 the Insei (level 4, 37/37 HPs)
             Began as a Demonspawn Monk on Sept 10, 2015.
             Quit the game on level 3 of the Dungeon.
             The game lasted 00:06:45 (1793 turns).

luca467 the Insei (Demonspawn Monk)                 Turns: 1793, Time: 00:06:45

Health: 37/37      AC:  6    Str: 12    XL:     4   Next: 55%
Magic:  4/4        EV: 13    Int: 11    God:
Gold:   26         SH:  0    Dex: 16    Spells: 0 memorised, 3 levels left

rFire  . . .     SeeInvis .       - Unarmed
rCold  . . .     Clarity  .     e - +0 robe
rNeg   . . .     SustAt   .     (no shield)
rPois  .         Gourm    .     (no helmet)
rElec  .         Spirit   .     (no cloak)
rCorr  .         Warding  .     (no gloves)
rMut   .         Stasis   .     (no boots)
MR     .....                    (no amulet)
Stlth  ++........               (no ring)
                                (no ring)

@: not resistant to hostile enchantments, unstealthy
A: hooves 1, iridescent scales 1, spiny 1
a: no special abilities


You were on level 3 of the Dungeon.
You were near starving.

You visited 1 branch of the dungeon, and saw 3 of its levels.

You collected 26 gold pieces.

Inventory:

Armour
 a - a +0 robe
 e - a +0 robe (worn)
Scrolls
 c - 3 scrolls of teleportation {unknown}
 f - a scroll of fog {unknown}
 i - 3 scrolls of magic mapping {unknown}
 j - 3 scrolls of blinking {unknown}
 o - a scroll of enchant weapon {unknown}
 p - a scroll of identify {unknown}
Potions
 d - a potion of agility {unknown}
 h - a potion of flight {unknown}
 l - a potion of degeneration {unknown}
 m - a potion of brilliance {unknown}
 n - a potion of cure mutation {unknown}
Comestibles
 b - 3 bread rations
 g - a royal jelly
 k - 3 meat rations
 q - 3 fruits


   Skills:
 + Level 3.7 Fighting
 + Level 3.2 Dodging
 - Level 1.7 Stealth
 * Level 4.7 Unarmed Combat


You had 3 spell levels left.
You didn't know any spells.

Dungeon Overview and Level Annotations

Branches:
Dungeon (3/15)

Altars:
Zin


Innate Abilities, Weirdness & Mutations

You have large cloven feet.
You are partially covered in iridescent scales (AC +4).
You are partially covered in sharp spines.


Message History

q - 3 fruits
Found a stone staircase leading down.
As you open the door, it creaks loudly!
A bat comes into view.
The bat barely misses you.
The bat is too close now for your liking.
There is an open door here.
You barely miss the bat. Your kick misses the bat.
The bat hits you but does no damage. The bat closely misses you.
The bat misses you. The bat is struck by your spines.
You kill the bat!
No target in view!
No target in view!
You are near starving!
You see here a kobold corpse.
You see here a hobgoblin corpse.
A goblin comes into view. It is wielding a club.
Eat which item? (? for menu, Esc to quit)
Okay, then.
Are you sure you want to abandon this character and quit the game? (Confirm with "yes".)

#.#
#.#.#######....#
#.# #.#.# ....#
#.# #.#.# ...#
#.# #.# #.#
#.#### #....#
####@#
.g.............
#.#####.#......
#.#..#... ...
..... ... ....
.#. .... #. ##
####


You could see a goblin (sleeping).

Vanquished Creatures
  3 adders
  4 oozes (D:1)
  8 giant cockroaches
  5 goblins
  8 hobgoblins
  6 jackals
  A quokka (D:2)
  A ball python (D:3)
  8 bats
  A giant newt (D:3)
  7 kobolds
  4 rats
56 creatures vanquished.

Notes
Turn   | Place    | Note
--------------------------------------------------------------
     0 | D:1      | luca467 the Demonspawn Monk began the quest for the Orb.
     0 | D:1      | Reached XP level 1. HP: 18/18 MP: 1/1
     1 | D:1      | Found a runed door.
    22 | D:1      | Gained mutation: You are partially covered in sharp spines. [demonic ancestry]
    22 | D:1      | Reached XP level 2. HP: 14/24 MP: 2/2
    29 | D:1      | Reached skill level 4 in Unarmed Combat
    96 | D:1      | Gained mutation: You are partially covered in iridescent scales (AC +4). [demonic ancestry]
    96 | D:1      | Reached XP level 3. HP: 12/29 MP: 3/3
   981 | D:2      | Gained mutation: You have large cloven feet. [demonic ancestry]
   981 | D:2      | Reached XP level 4. HP: 35/35 MP: 4/4
  1659 | D:3      | Found a glowing silver altar of Zin.
  1793 | D:3      | Quit the game

Vault maps used:
D:1:      dpeg_arrival_caged_fury
D:3:      overflow_temple_1_default

Action                   |  1- 3 |  4- 6 || total
-------------------------+-------+-------++-------
Melee: Unarmed           |    69 |    30 ||    99
 Stab: Sleeping          |     5 |     1 ||     6
  Eat: Chunk             |       |     1 ||     1
